Map: Odyssée EC

Players

Hzemnluphah

  • Race: Terran Terran
  • League: Gold
  • Spawn Location: 5:00

zidar - Winner!

  • Race: Zerg Zerg
  • League: Gold
  • Spawn Location: 11:00

VOD

Have the link to the VOD?

Description

Time

  • Played on: June 26, 2017, 3:11 p.m.
  • Length: 10:18
Show
View Real Time Build Order
Export as new Build Order

Hzemnluphah Terran 

Build Orders: Reaper Expand, Mech 

Get SALT Encoding   

  12  0:01  SCV  
  13  0:13  SCV  
  14  0:25  Supply Depot  
  14  0:26  SCV  
  15  0:42  Refinery  
  15  0:46  SCV  
  16  0:50  Barracks  
  16  0:58  SCV  
  17  1:10  SCV  
  18  1:22  SCV  
  19  1:37  Orbital Command  
  19  1:38  Reaper  
  20  1:51  Command Center  
  20  2:03  Factory  
  20  2:17  Supply Depot  
  20  2:21  SCV  
  21  2:23  Barracks Reactor  
  21  2:28  Refinery  
  21  2:36  SCV  
  22  2:46  Supply Depot  
  22  2:57  Starport  
  22  3:07  SCV  
  22  3:08  Orbital Command  
  22  3:12  Barracks Tech Lab  
  23  3:19  SCV  
  23  3:21  Hellion x2  
  27  3:31  SCV  
  28  3:35  Supply Depot  
  28  3:43  SCV  
  29  3:48  Supply Depot  
  29  3:49  Raven  
  29  3:50  SCV  
  29  3:55  SCV  
  33  3:57  Hellion  
  36  4:02  SCV  
  36  4:07  Factory  
  36  4:10  Hellion  
  38  4:20  Supply Depot  
  38  4:22  SCV x2  
  40  4:32  Hellion  
  40  4:34  SCV, Hellion  
  45  4:39  SCV  
  45  4:40  Refinery  
  46  4:46  SCV  
  46  4:51  SCV  
  48  4:58  Starport Reactor  
  48  4:59  SCV  
  49  5:03  SCV  
  49  5:04  Supply Depot  
  49  5:05  Hellion x2  
  54  5:08  Siege Tank  
  54  5:10  Supply Depot  
  54  5:11  SCV  
  58  5:15  SCV  
  58  5:19  Refinery  
  59  5:23  SCV  
  59  5:26  Hellion x2  
  59  5:27  SCV  
  65  5:36  SCV  
  66  5:43  Armory  
  66  5:50  Siege Tank  
  66  5:51  Hellion x2  
  66  5:55  Viking  
  75  6:04  SCV x2  
  77  6:11  Viking  
  77  6:15  Liberator  
  77  6:18  SCV x2  
  84  6:33  SCV  
  84  6:39  Command Center  
  86  6:40  SCV  
  86  6:42  Siege Tank  
  86  6:43  Hellion  
  86  6:45  SCV  
  86  6:46  Terran Vehicle Weapons Level 1  
  92  7:07  Infernal Pre-Igniter  
  92  7:13  Factory x2  
  80  7:17  Liberator  
  80  7:28  SCV  
  80  7:29  SCV  
  82  7:33  Siege Tank  
  82  7:34  Hellion x2  
  82  7:35  Viking  
  94  7:49  Supply Depot  
  94  7:50  SCV x2  
  94  7:51  Supply Depot  
  96  7:52  Armory, Supply Depot  
  96  7:54  Engineering Bay  
  96  7:55  Liberator  
  96  8:00  Liberator  
  99  8:23  Siege Tank  
  99  8:24  Factory Tech Lab x2  
  99  8:26  Hellion x2  
  90  8:37  SCV  
  90  8:38  SCV, Starport  
  90  8:42  Missile Turret  
  90  8:44  Missile Turret  
  90  8:47  Missile Turret  
  87  8:50  Liberator x2  
  87  8:52  Missile Turret x2  
  84  8:57  SCV x2  
  88  9:16  Missile Turret  
  88  9:18  Starport Reactor  
  88  9:33  SCV x2  
  82  9:39  Command Center  
  58  10:09  Missile Turret  
Show
View Real Time Build Order
Export as new Build Order

zidar Zerg - Winner!

Build Orders: Hatch First, Muta Ling Bane 

Get SALT Encoding   

  12  0:01  Drone  
  13  0:12  Overlord  
  13  0:16  Drone  
  14  0:30  Drone x2  
  16  0:53  Drone  
  16  0:54  Hatchery  
  16  0:57  Extractor  
  16  0:58  Drone  
  16  1:14  Spawning Pool  
  16  1:17  Drone  
  16  1:23  Drone  
  16  1:25  Drone  
  18  1:30  Drone  
  19  2:03  Roach Warren  
  19  2:04  Drone x3  
  20  2:24  Queen  
  20  2:25  Queen  
  24  2:30  Metabolic Boost  
  24  2:50  Zergling x8  
  28  3:25  Overlord  
  28  3:26  Overlord x4  
  28  3:41  Lair  
  28  3:44  Drone x5  
  28  3:46  Drone  
  34  3:51  Extractor  
  34  3:55  Extractor  
  32  3:56  Extractor  
  32  4:02  Drone x4  
  35  4:22  Baneling Nest  
  34  4:35  Drone x8  
  42  4:52  Spire  
  41  5:03  Queen, Evolution Chamber  
  41  5:05  Drone  
  41  5:07  Evolution Chamber  
  42  5:10  Drone  
  42  5:11  Drone x2  
  45  5:23  Centrifical Hooks  
  45  5:36  Drone x5  
  45  5:37  Drone  
  46  6:13  Hatchery  
  46  6:16  Zergling x26  
  58  6:23  Zerg Melee Weapons Level 1  
  58  6:30  Mutalisk  
  58  6:31  Mutalisk  
  62  6:38  Baneling x9  
  62  6:39  Baneling x2  
  59  7:07  Mutalisk  
  51  7:17  Mutalisk x4  
  51  7:20  Overlord  
  51  7:21  Overlord  
  59  7:30  Queen  
  59  7:36  Zerg Ground Armor Level 1  
  61  7:41  Drone x4  
  61  7:42  Drone x2  
  67  8:03  Infestation Pit  
  58  8:27  Mutalisk x11  
  58  8:28  Mutalisk  
  82  9:02  Hatchery  
  81  9:11  Overlord x6  
  79  9:43  Zergling x10  
  79  9:44  Zergling x18  
Tags
 
Add a new tag
Caveats
  • Supply blocks, unpowered buildings, or Contaminate may cause inaccurate times.
  • Supply counts are checked every 10 seconds.